Nomad
508395800Analyzed4v4 RM
·
10d ago on Sep 22, 2026·
29m 37s·
8 players
Game mode
Random Map
Map size
231×231
Population
200
Speed
Normal
Resources
Standard
Victory
Conquest
Starting age
Dark Age
Ending age
Imperial Age
RankedLock teamsTeams togetherTeam positionsShared explorationLock speedFull tech treeHidden civsTurbo modeCheats
Victory
Defeat
Replay analysis
mochichi4
12:10
Feudal Age
12:05
Loom
17:08
Castle Age
16:40
Forging
16:29
Double-Bit Axe
18:21
Iron Casting
22:06
Horse Collar
23:22
Medium Warships
24:30
Heavy Plow
USTA
10:33
Loom
13:40
Feudal Age
17:37
Castle Age
17:34
Fletching
18:21
Bodkin Arrow
21:15
Double-Bit Axe
22:42
Medium Warships
23:37
Bow Saw
24:14
Wheelbarrow
23:21
Horse Collar
24:47
Fishing Lines
26:14
Gillnets
26:32
Heavy Plow
27:49
Hand Cart
28:38
Town Watch
恆浪蕩
10:52
Loom
12:38
Feudal Age
17:25
Castle Age
21:21
Double-Bit Axe
25:29
Gold Mining
默默默默默
5:04
Loom
14:50
Feudal Age
18:45
Castle Age
24:53
Padded Archer Armor
26:19
Town Watch
27:45
Leather Archer Armor
Thundernips, The Ultimate Gigolo
4:59
Loom
13:44
Feudal Age
17:32
Castle Age
18:38
Forging
21:02
Wheelbarrow
23:58
Double-Bit Axe
brendansexson
5:23
Loom
15:41
Feudal Age
16:41
Fishing Lines
16:47
Double-Bit Axe
16:45
Horse Collar
16:59
Gold Mining
19:57
Castle Age
17:50
Fletching
18:01
Padded Archer Armor
19:09
Town Watch
19:59
Wheelbarrow
21:00
Bodkin Arrow
24:05
Husbandry
24:24
Leather Archer Armor
25:56
Ballistics
26:59
Thumb Ring
Benitto Burrito
5:13
Loom
15:40
Feudal Age
16:25
Double-Bit Axe
22:40
Castle Age
21:48
Fletching
23:19
Forging
23:51
Medium Warships
25:29
Bow Saw
25:13
Gold Mining
25:14
Stone Mining
27:22
Ballistics
28:13
Bodkin Arrow
Lord Longshaft
13:30
Feudal Age
14:23
Fishing Lines
15:02
Town Watch
15:39
Loom
15:45
Double-Bit Axe
18:22
Castle Age
17:32
Gold Mining
18:12
Fletching
21:10
Wheelbarrow
22:06
Bodkin Arrow
22:12
Padded Archer Armor
23:23
Bow Saw
23:43
Elite Skirmisher
27:04
Guard Tower
27:30
Masonry
28:11
Ballistics
31:28
Imperial Age
29:57
Ballistics